BSA
SPRINGFIELD STARS @ SEATTLE PIKES
03/10/2026
 
TOP OF THE 1ST
Springfield Stars batting - Pitching for Seattle Pikes : RHP António Rijo
Pitching: RHP António Rijo
Batting: RHB Norberto Taváres 0-0: Ball
1-0: Called Strike
1-1: Foul Ball, location: 2F
1-2: Ball
2-2: Foul Ball, location: 2F
2-2: Fly out, F9 (Flyball, 89M)
Batting: RHB Juan Rodríguez 0-0: Called Strike
0-1: Fly out, F9 (Flyball, 9D)
Batting: LHB Derek Davidson 0-0: SINGLE (Groundball, 4MD)
Batting: LHB Felipe Guerrero 0-0: Ball
1-0: Foul Ball, location: 2F
1-1: Ball
2-1: Ball
3-1: Foul Ball, location: 2F
3-2: Strikes out looking
Top of the 1st over - 0 run(s), 1 hit(s), 0 error(s), 1 left on base; Springfield 0 - Seattle 0
BOTTOM OF THE 1ST
Seattle Pikes batting - Pitching for Springfield Stars : RHP Matthew Scott
Pitching: RHP Matthew Scott
Batting: RHB Arnold Harmon 0-0: Called Strike
0-1: Ball
1-1: Ground out U3 (Groundball, 3L)
Batting: RHB Robert Johnson 0-0: Called Strike
0-1: Foul Ball, location: 2F
0-2: Strikes out swinging
Batting: LHB Richard Hunter 0-0: SINGLE (Line Drive, 9LS)
Batting: LHB Francisco Franco 0-0: Ball
1-0: SINGLE (Groundball, 34S)
Richard Hunter to second
Runner from 2nd tries for 3rd, SAFE, throw made to third
Batting: RHB Manuel Rico 0-0: Called Strike
0-1: Called Strike
0-2: Ball
1-2: Foul Ball, location: 2F
1-2: SINGLE (Line Drive, 7S)
Richard Hunter scores
Francisco Franco to second
Batting: LHB Sammy Marshall 0-0: Ball
1-0: Called Strike
1-1: Ball
2-1: Called Strike
2-2: Foul Ball, location: 2F
2-2: Strikes out swinging
Bottom of the 1st over - 1 run(s), 3 hit(s), 0 error(s), 2 left on base; Springfield 0 - Seattle 1
TOP OF THE 2ND
Springfield Stars batting - Pitching for Seattle Pikes : RHP António Rijo
Batting: RHB Calvin Bennett 0-0: Ball
1-0: Called Strike
1-1: Called Strike
1-2: Foul Ball, location: 2F
1-2: Ground out 1-3 (Groundball, 13S)
Batting: RHB Alberto Campos 0-0: Ball
1-0: Foul Ball, location: 2F
1-1: Fly out, F8 (Flyball, 8RM)
Batting: LHB Jesús Tobías 0-0: Foul Ball, location: 2F
0-1: Fly out, F8 (Line Drive, 89M)
Top of the 2nd over - 0 run(s), 0 hit(s), 0 error(s), 0 left on base; Springfield 0 - Seattle 1
BOTTOM OF THE 2ND
Seattle Pikes batting - Pitching for Springfield Stars : RHP Matthew Scott
Batting: RHB Tae-kwon Kwon 0-0: Called Strike
0-1: SINGLE (Line Drive, 9S)
Batting: RHB Iván Gonzáles 0-0: Ball
1-0: Ball
2-0: Ball
3-0: Base on Balls
Tae-kwon Kwon to second
Batting: RHB Murai Ishihara 0-0: Ball
1-0: Ball
2-0: Ball
3-0: Base on Balls
Tae-kwon Kwon to third
Iván Gonzáles to second
Batting: RHB Arnold Harmon 0-0: Called Strike
0-1: Foul Ball, location: 2F
0-2: Ball
1-2: SINGLE (Line Drive, 8LS)
Tae-kwon Kwon scores
Iván Gonzáles to third
Murai Ishihara to second
Batting: RHB Robert Johnson 0-0: Ball
1-0: Ball
2-0: Called Strike
2-1: Ball
3-1: Swinging Strike
3-2: Strikes out swinging
Batting: LHB Richard Hunter 0-0: Ball
1-0: Swinging Strike
1-1: SINGLE (Groundball, 34D)
Iván Gonzáles scores
Murai Ishihara to third
Arnold Harmon to second
Batting: LHB Francisco Franco 0-0: Called Strike
0-1: Ball
1-1: Ball
2-1: DOUBLE (Line Drive, 8RXD)
Murai Ishihara scores
Arnold Harmon scores
Richard Hunter to third
Batting: RHB Manuel Rico 0-0: Ball
1-0: Fly out, F4 (Popup, 4M)
Batting: LHB Sammy Marshall 0-0: Ball
1-0: Ground out 6-3 (Groundball, 6M)
Bottom of the 2nd over - 4 run(s), 4 hit(s), 0 error(s), 2 left on base; Springfield 0 - Seattle 5
TOP OF THE 3RD
Springfield Stars batting - Pitching for Seattle Pikes : RHP António Rijo
Batting: LHB Ryan Drake 0-0: Called Strike
0-1: Ball
1-1: Called Strike
1-2: Strikes out looking
Batting: SHB Shane Hutchinson 0-0: Fly out, F3 (Line Drive, 3)
Batting: RHB Norberto Taváres 0-0: Ball
1-0: Ball
2-0: Foul Ball, location: 2F
2-1: Ball
3-1: Base on Balls
Batting: RHB Juan Rodríguez 0-0: Called Strike
0-1: Called Strike
0-2: Ball
Norberto Taváres steals 2nd base
1-2: Ground out 4-3 (Groundball, 4M)
Top of the 3rd over - 0 run(s), 0 hit(s), 0 error(s), 1 left on base; Springfield 0 - Seattle 5
BOTTOM OF THE 3RD
Seattle Pikes batting - Pitching for Springfield Stars : RHP Matthew Scott
Batting: RHB Tae-kwon Kwon 0-0: Ground out 6-3 (Groundball, 6S)
Batting: RHB Iván Gonzáles 0-0: Ball
1-0: Foul Ball, location: 2F
1-1: Ground out 5-3 (Groundball, 5S)
Batting: RHB Murai Ishihara 0-0: Ball
1-0: Ball
2-0: Ball
3-0: Base on Balls
Batting: RHB Arnold Harmon 0-0: SINGLE (Groundball, 5D)
Murai Ishihara to second
Pitching: RHP Alberto Vásquez
Batting: RHB Robert Johnson 0-0: SINGLE (Flyball, 89S)
Murai Ishihara to third
Arnold Harmon to second
Runner from 3rd tries for Home, SAFE, no throw or cutoff
Batting: LHB Richard Hunter 0-0: Called Strike
0-1: Ball
1-1: Foul Ball, location: 2F
1-2: Strikes out looking
Bottom of the 3rd over - 1 run(s), 2 hit(s), 0 error(s), 2 left on base; Springfield 0 - Seattle 6
TOP OF THE 4TH
Springfield Stars batting - Pitching for Seattle Pikes : RHP António Rijo
Batting: LHB Derek Davidson 0-0: Called Strike
0-1: Foul Ball, location: 2F
0-2: Foul Ball, location: 2F
0-2: Ball
1-2: Ball
2-2: Foul Ball, location: 2F
2-2: SOLO HOME RUN (Flyball, 9D), Distance : 398 ft
Batting: LHB Felipe Guerrero 0-0: Ball
1-0: Reached on error, E6 (Groundball, 6)
Batting: RHB Calvin Bennett 0-0: Ball
Felipe Guerrero steals 2nd base
1-0: Fly out, F7 (Line Drive, 78M)
Batting: RHB Alberto Campos 0-0: Ball
1-0: Ground out 2-3 (Groundball, 2R)
Felipe Guerrero to third
Batting: LHB Jesús Tobías 0-0: Foul Ball, location: 2F
0-1: Ground out 4-3 (Groundball, 4M)
Top of the 4th over - 1 run(s), 1 hit(s), 1 error(s), 1 left on base; Springfield 1 - Seattle 6
BOTTOM OF THE 4TH
Seattle Pikes batting - Pitching for Springfield Stars : RHP Alberto Vásquez
Batting: LHB Francisco Franco 0-0: Called Strike
0-1: Ball
1-1: Ball
2-1: Ground out 6-3 (Groundball, 6M)
Batting: RHB Manuel Rico 0-0: Foul Ball, location: 2F
0-1: Ball
1-1: Ground out 5-3 (Groundball, 5)
Batting: LHB Sammy Marshall 0-0: Called Strike
0-1: Ball
1-1: Ball
2-1: Fly out, F8 (Flyball, 8RD)
Bottom of the 4th over - 0 run(s), 0 hit(s), 0 error(s), 0 left on base; Springfield 1 - Seattle 6
TOP OF THE 5TH
Springfield Stars batting - Pitching for Seattle Pikes : RHP António Rijo
Pitching: RHP Roberto Matoza
Batting: LHB Ryan Drake 0-0: Ball
1-0: Ball
2-0: Called Strike
2-1: Foul Ball, location: 2F
2-2: DOUBLE (Flyball, 78D)
Batting: SHB Shane Hutchinson 0-0: Ball
1-0: Called Strike
1-1: Called Strike
1-2: Ground out 1-3 (Groundball, 13)
Ryan Drake to third
Batting: RHB Norberto Taváres 0-0: Called Strike
0-1: Foul Ball, location: 2F
0-2: SINGLE (Flyball, 78S)
Ryan Drake scores
Batting: RHB Juan Rodríguez 0-0: Called Strike
0-1: Foul Ball, location: 2F
0-2: Reached on error, E6 (Groundball, 6)
Norberto Taváres to third
Batting: LHB Derek Davidson 0-0: Ball
1-0: Called Strike
1-1: DOUBLE (Line Drive, 9LM)
Norberto Taváres scores
Juan Rodríguez scores
Batting: LHB Felipe Guerrero 0-0: Foul Ball, location: 2F
0-1: Ball
1-1: Foul Ball, location: 2F
1-2: SINGLE (Line Drive, 34D)
Derek Davidson to third
Runner from 3rd tries for Home, SAFE, no throw or cutoff
Batting: RHB Calvin Bennett 0-0: Ball
1-0: Ball
2-0: Ball
3-0: Called Strike
3-1: Swinging Strike
3-2: Strikes out looking
Felipe Guerrero is caught stealing 2nd base
Batter strikes out.
Top of the 5th over - 4 run(s), 4 hit(s), 1 error(s), 0 left on base; Springfield 5 - Seattle 6
BOTTOM OF THE 5TH
Seattle Pikes batting - Pitching for Springfield Stars : RHP Alberto Vásquez
Batting: RHB Tae-kwon Kwon 0-0: Ball
1-0: Called Strike
1-1: Swinging Strike
1-2: Ball
2-2: Ball
3-2: Base on Balls
Batting: RHB Iván Gonzáles 0-0: Called Strike
0-1: Ball
1-1: Foul Ball, location: 2F
1-2: Ball
2-2: DOUBLE (Flyball, 8RXD)
Tae-kwon Kwon to third
Tae-kwon Kwon scores
Pitching: LHP Jorge Aybar
Batting: RHB Murai Ishihara 0-0: Ball
1-0: Ball
2-0: Ball
3-0: Called Strike
3-1: Fly out, F9 (Flyball, 9D)
Runner from 2nd tags up, SAFE at 3rd, no throw
Pinch Hitting: RHB Dennis Stephenson 0-0: Swinging Strike
0-1: Called Strike
0-2: Foul Ball, location: 2F
0-2: Ball
1-2: Strikes out swinging
Batting: RHB Robert Johnson 0-0: Fly out, F5 (Popup, 25F)
Bottom of the 5th over - 1 run(s), 1 hit(s), 0 error(s), 1 left on base; Springfield 5 - Seattle 7
TOP OF THE 6TH
Springfield Stars batting - Pitching for Seattle Pikes : RHP Roberto Matoza
Pitching: LHP António Alvarado
Now at 3B: Claudio Souza
Batting: RHB Alberto Campos 0-0: Ball
1-0: Called Strike
1-1: DOUBLE (Line Drive, 7LM)
Batting: LHB Jesús Tobías 0-0: Ball
1-0: Ground out 6-3 (Groundball, 6)
Batting: LHB Ryan Drake 0-0: Ball
1-0: Ball
2-0: Called Strike
2-1: Foul Ball, location: 2F
2-2: Strikes out swinging
Batting: SHB Shane Hutchinson 0-0: Ball
1-0: Swinging Strike
1-1: Foul Ball, location: 2F
1-2: SINGLE (Groundball, 4MD)
Alberto Campos to third
Runner from 3rd tries for Home, SAFE, throw made home
Shane Hutchinson to second
Batting: RHB Juan Carlos Rodríguez 0-0: Ball
1-0: Ball
2-0: Called Strike
2-1: Foul Ball, location: 2F
2-2: Reached on error, E6 (Groundball, 6)
Shane Hutchinson to third
Pinch Hitting: LHB Elliott Newell Pickoff Throw to First - Out!
Top of the 6th over - 1 run(s), 2 hit(s), 1 error(s), 0 left on base; Springfield 6 - Seattle 7
BOTTOM OF THE 6TH
Seattle Pikes batting - Pitching for Springfield Stars : LHP Jorge Aybar
Now at 1B: Elliott Newell
Pinch Hitting: RHB Dave Morgan 0-0: Ball
1-0: Called Strike
1-1: Called Strike
1-2: Foul Ball, location: 2F
1-2: Strikes out swinging
Pinch Hitting: RHB Jesús Torres 0-0: Called Strike
0-1: Foul Ball, location: 2F
0-2: Foul Ball, location: 2F
0-2: Fly out, F8 (Flyball, 8LD)
Pinch Hitting: RHB Rafael González 0-0: Ball
1-0: Foul Ball, location: 2F
1-1: Called Strike
1-2: SINGLE (Flyball, 9S)
Pinch Hitting: RHB Pablo Trujillo 0-0: Ball
1-0: Called Strike
1-1: Foul Ball, location: 2F
1-2: Ball
2-2: Foul Ball, location: 2F
2-2: Ball
Rafael González steals 2nd base
3-2: Base on Balls
Batting: RHB Jesús Gonzáles 0-0: Fly out, F8 (Flyball, 8LM)
Bottom of the 6th over - 0 run(s), 1 hit(s), 0 error(s), 2 left on base; Springfield 6 - Seattle 7
TOP OF THE 7TH
Springfield Stars batting - Pitching for Seattle Pikes : LHP António Alvarado
Now at 1B: Javier Escobedo
Now in LF: Dave Morgan
Now in CF: Víctor Carrillo
Now in RF: Pablo Trujillo
Batting: LHB Elliott Newell 0-0: Ball
1-0: Called Strike
1-1: Swinging Strike
1-2: Ball
2-2: Strikes out looking
Batting: LHB Derek Davidson 0-0: Ball
1-0: Called Strike
1-1: Ball
2-1: Foul Ball, location: 2F
2-2: SINGLE (Line Drive, 9S)
Pinch Hitting: SHB Martín Medina 0-0: Foul Ball, location: 2F
0-1: Ball
1-1: Ball
2-1: 2-RUN HOME RUN (Flyball, 89XD), Distance : 414 ft
Pitching: RHP Troy Hawkins
Pinch Hitting: RHB José Pinto 0-0: Called Strike
0-1: Swinging Strike
0-2: Ball
1-2: Ball
2-2: Strikes out swinging
Batting: RHB Alberto Campos 0-0: Called Strike
0-1: Ball
1-1: Swinging Strike
1-2: SINGLE (Line Drive, 8RS)
Pinch Hitting: LHB Mike Callahan 0-0: Ball
1-0: Foul Ball, location: 2F
1-1: Ball
2-1: Ground out 4-3 (Groundball, 4)
Top of the 7th over - 2 run(s), 3 hit(s), 0 error(s), 1 left on base; Springfield 8 - Seattle 7
BOTTOM OF THE 7TH
Seattle Pikes batting - Pitching for Springfield Stars : LHP Jorge Aybar
Pitching: RHP José Valdéz
Now at 3B: José Pinto
Now in LF: Cho-yun Qiao
Now in CF: Martín Medina
Pinch Hitting: LHB Terry White 0-0: Called Strike
0-1: Foul Ball, location: 2F
0-2: Ball
1-2: Strikes out swinging
Pinch Hitting: LHB Eduardo Gómez 0-0: Swinging Strike
0-1: Swinging Strike
0-2: Ball
1-2: Foul Ball, location: 2F
1-2: Ball
2-2: Ball
3-2: Strikes out looking
Batting: RHB Claudio Souza 0-0: Swinging Strike
0-1: Ball
1-1: Foul Ball, location: 2F
1-2: Ball
2-2: Strikes out looking
Bottom of the 7th over - 0 run(s), 0 hit(s), 0 error(s), 0 left on base; Springfield 8 - Seattle 7
TOP OF THE 8TH
Springfield Stars batting - Pitching for Seattle Pikes : RHP Troy Hawkins
Now at 1B: Eduardo Gómez
Now at SS: Keith Tillman
Pinch Hitting: RHB Desi Thompson 0-0: Swinging Strike
0-1: Called Strike
0-2: Strikes out swinging
Batting: SHB Shane Hutchinson 0-0: Ball
1-0: Ball
2-0: Foul Ball, location: 2F
2-1: Ball
3-1: SINGLE (Line Drive, 34)
Batting: RHB Juan Carlos Rodríguez 0-0: Ball
1-0: Foul Ball, location: 2F
1-1: Ball
2-1: Grounds into double play, 1-4-3 (Groundball, 13S)
Top of the 8th over - 0 run(s), 1 hit(s), 0 error(s), 0 left on base; Springfield 8 - Seattle 7
BOTTOM OF THE 8TH
Seattle Pikes batting - Pitching for Springfield Stars : RHP José Valdéz
Now at 2B: Desi Thompson
Batting: RHB Robert Johnson 0-0: Ball
1-0: Ball
2-0: Foul Ball, location: 2F
2-1: Swinging Strike
2-2: Strikes out swinging
Batting: RHB Dave Morgan 0-0: Called Strike
0-1: Foul Ball, location: 2F
0-2: Ball
1-2: Strikes out looking
Batting: LHB Javier Escobedo 0-0: Called Strike
0-1: Swinging Strike
0-2: Ball
1-2: Ball
2-2: Foul Ball, location: 2F
2-2: Strikes out swinging
Bottom of the 8th over - 0 run(s), 0 hit(s), 0 error(s), 0 left on base; Springfield 8 - Seattle 7
TOP OF THE 9TH
Springfield Stars batting - Pitching for Seattle Pikes : RHP Troy Hawkins
Batting: LHB Elliott Newell 0-0: Ball
1-0: Ball
2-0: Called Strike
2-1: Called Strike
2-2: Foul Ball, location: 2F
2-2: Ball
3-2: Base on Balls
Batting: LHB Derek Davidson 0-0: Foul Ball, location: 2F
0-1: Called Strike
0-2: Ball
1-2: Ball
2-2: Ball
3-2: Foul Ball, location: 2F
3-2: Foul Ball, location: 2F
3-2: Base on Balls
Elliott Newell to second
Batting: SHB Martín Medina 0-0: Ball
1-0: Foul Ball, location: 2F
1-1: Ball
2-1: Ball
3-1: Base on Balls
Elliott Newell to third
Derek Davidson to second
Batting: RHB José Pinto 0-0: Ball
1-0: Fly out, F4 (Popup, 4MD)
Pinch Hitting: RHB Will Sterling 0-0: Foul Ball, location: 2F
0-1: Ball
1-1: Ball
2-1: Called Strike
2-2: Foul Ball, location: 2F
2-2: SINGLE (Groundball, 56D)
Elliott Newell scores
Derek Davidson to third
Martín Medina to second
Batting: RHB Cho-yun Qiao 0-0: Ball
1-0: Ball
2-0: Ball
3-0: Base on Balls
Derek Davidson scores
Martín Medina to third
Will Sterling to second
Batting: RHB Desi Thompson 0-0: Ball
1-0: Called Strike
1-1: Ball
2-1: Ball
3-1: Base on Balls
Martín Medina scores
Will Sterling to third
Cho-yun Qiao to second
Pitching: LHP Bernardo Dodson
Batting: SHB Shane Hutchinson 0-0: Called Strike
0-1: Fly out, F3 (Popup, 34)
Batting: RHB Juan Carlos Rodríguez 0-0: Ball
1-0: SINGLE (Line Drive, 8LS)
Will Sterling scores
Cho-yun Qiao to third
Desi Thompson to second
Runner from 3rd tries for Home, SAFE, no throw or cutoff
Batting: LHB Elliott Newell 0-0: Ball
1-0: Ball
2-0: Ball
3-0: Fielders Choice at 2nd, U4 (Groundball, 4M)
Top of the 9th over - 5 run(s), 2 hit(s), 0 error(s), 2 left on base; Springfield 13 - Seattle 7
BOTTOM OF THE 9TH
Seattle Pikes batting - Pitching for Springfield Stars : RHP José Valdéz
Now at C: Will Sterling
Batting: LHB Víctor Carrillo 0-0: Swinging Strike
0-1: Ground out 1-3 (Groundball, 13)
Batting: RHB Pablo Trujillo 0-0: Ball
1-0: Foul Ball, location: 2F
1-1: Ball
2-1: Called Strike
2-2: Foul Ball, location: 2F
2-2: Strikes out looking
Batting: RHB Jesús Gonzáles 0-0: Called Strike
0-1: Called Strike
0-2: Strikes out swinging
Bottom of the 9th over - 0 run(s), 0 hit(s), 0 error(s), 0 left on base; Springfield 13 - Seattle 7
Monday, December 5th, 2016 - OOTP Baseball 17.12 Build 75